AoeStats
← Sp.[R]itep''

MegaRandom

504479885Analyzed
4v4 RM · 25d ago on Sep 5, 2026· 73m 39s· 8 players
Game mode
Random Map
Map size
Large (8 player)
Population
200
Speed
Normal
Resources
Standard
Victory
Conquest
Starting age
Dark Age
Ending age
Imperial Age
RankedLock teamsTeams togetherTeam positionsShared explorationLock speedFull tech treeHidden civsTurbo modeCheats
Victory
Defeat
🇻🇳 Hindustanis · Vietnam
995
+13
🇷🇺 Portuguese · Russia
973
+14
🇨🇴 Japanese · Colombia
937
+15
🇪🇸 Muisca · Spain
873
+19
🇨🇳 Mongols · China
955
-16
🇨🇳 Magyars · China
937
-16
🇨🇳 Poles · China
927
-15
🇰🇷 Lithuanians · South Korea
886
-18
Sp.[R]itep''
8:41 Loom
10:55 Feudal Age
14:29 Double-Bit Axe
14:49 Horse Collar
15:22 Bloodlines
23:06 Castle Age
25:47 Bow Saw
26:11 Husbandry
27:06 Scale Barding Armor
27:06 Gold Mining
28:41 Heavy Plow
30:56 Light Cavalry
35:35 Imperial Age
34:01 Fletching
35:49 Corvinian Army
36:39 Conscription
40:34 Chemistry
41:13 Parthian Tactics
40:57 Heavy Cavalry Archer
41:43 Thumb Ring
43:51 Herbal Medicine
45:14 Chemistry
44:52 Wheelbarrow
44:56 Elite Magyar Huszar
46:53 Bodkin Arrow
48:05 Padded Archer Armor
51:02 Bracer
52:12 Chain Barding Armor
52:08 Leather Archer Armor
52:29 Ballistics
55:44 Recurve Bow
56:56 Ring Archer Armor
57:52 Murder Holes
59:03 Hoardings
65:37 Crop Rotation
65:26 Hussar
66:34 Capped Ram
69:40 Two-Man Saw
70:05 Elite Skirmisher
90 dATHa
10:02 Feudal Age
11:39 Double-Bit Axe
13:44 Loom
14:35 Wheelbarrow
14:59 Gold Mining
15:34 Scale Barding Armor
20:51 Castle Age
26:14 Bow Saw
27:34 Chain Barding Armor
28:08 Horse Collar
28:28 Stone Mining
30:32 Stone Shaft Mining
31:33 Hand Cart
32:58 Heavy Plow
34:53 Bloodlines
34:46 Husbandry
43:15 Imperial Age
43:03 Ballistics
45:10 Elite Leitis
50:55 Plate Barding Armor
50:21 Scale Mail Armor
50:32 Forging
50:42 Cavalier
54:34 Chemistry
53:58 Chain Mail Armor
54:18 Iron Casting
53:48 Padded Archer Armor
55:15 Coinage
54:58 Guilds
61:05 Crop Rotation
60:54 Leather Archer Armor
61:35 Caravan
62:01 Paladin
妍芸
4:47 Loom
11:19 Feudal Age
12:24 Double-Bit Axe
12:22 Horse Collar
18:55 Bloodlines
19:53 Forging
21:58 Gold Mining
26:10 Castle Age
24:42 Scale Barding Armor
24:31 Stone Mining
26:18 Light Cavalry
27:43 Bow Saw
29:58 Wheelbarrow
33:23 Iron Casting
36:37 Hand Cart
37:19 Szlachta Privileges
37:27 Scale Mail Armor
42:51 Imperial Age
41:05 Fletching
_xy_2252
6:06 Loom
6:06 Loom
9:57 Feudal Age
11:24 Wheelbarrow
10:36 Double-Bit Axe
10:33 Horse Collar
14:43 Gold Mining
19:25 Castle Age
19:04 Stone Mining
20:33 Hand Cart
21:13 Bow Saw
21:14 Heavy Plow
22:09 Stone Shaft Mining
23:25 Gold Shaft Mining
25:14 Town Watch
25:15 Town Watch
35:07 Imperial Age
33:37 Town Patrol
34:17 Fletching
34:29 Padded Archer Armor
34:40 Thumb Ring
35:31 Bodkin Arrow
35:42 Caravan
36:05 Leather Archer Armor
36:53 Chemistry
35:59 Siege Engineers
36:34 Bracer
36:58 Conscription
37:09 Scale Barding Armor
37:15 Forging
37:45 Parthian Tactics
37:03 Elite Mangudai
38:05 Drill
39:15 Chain Barding Armor
38:22 Light Cavalry
39:12 Bloodlines
39:03 Husbandry
40:01 Iron Casting
39:22 Capped Ram
39:55 Onager
41:28 Siege Ram
44:01 Blast Furnace
42:23 Hussar
42:45 Siege Onager
50:28 Heavy Camel Rider
52:49 Ballistics
53:25 Fortified Wall
53:27 Masonry
55:05 Coinage
61:58 Banking
Josmalaga3
0:29 Loom
14:13 Feudal Age
14:27 Champi Runner
15:19 Double-Bit Axe
16:26 Scale Mail Armor
16:37 Forging
18:52 Fletching
22:24 Horse Collar
22:39 Gold Mining
26:59 Stone Mining
30:32 Castle Age
38:35 Fervor
40:56 Heavy Plow
42:48 Bow Saw
44:21 Wheelbarrow
44:44 Gold Shaft Mining
45:04 Town Watch
46:43 Stone Shaft Mining
47:50 Hand Cart
50:28 Town Patrol
53:53 Imperial Age
53:06 Chain Mail Armor
53:56 Iron Casting
53:06 Treadmill Crane
53:22 Murder Holes
55:08 Plate Mail Armor
54:11 Champi Warrior
54:52 Squires
54:14 Pikeman
55:10 Devotion
55:47 Theocracy
55:51 Crop Rotation
57:15 Two-Man Saw
57:28 Chemistry
56:49 Ballistics
56:29 Bodkin Arrow
56:35 Padded Archer Armor
56:42 Padded Archer Armor
56:50 Herbalism
57:12 Conscription
56:58 Huaracas
57:08 Huaracas
57:25 Conscription
57:20 Elite Champi Warrior
58:23 Herbal Medicine
58:54 Sanctity
62:04 Capped Ram
62:05 Onager
62:06 Heavy Scorpion
71:52 Atonement
72:03 Redemption
72:13 Faith
72:19 Illumination
72:10 Block Printing
72:16 Heresy
chuquyen
13:50 Feudal Age
14:38 Double-Bit Axe
18:12 Castle Age
16:30 Gold Mining
18:33 Horse Collar
19:49 Bow Saw
21:31 Scale Mail Armor
21:37 Loom
23:58 Wheelbarrow
24:07 Stone Mining
26:56 Hand Cart
26:58 Heavy Plow
30:19 Gold Shaft Mining
30:49 Stone Shaft Mining
34:49 Imperial Age
32:27 Scale Barding Armor
33:50 Chain Barding Armor
34:23 Chain Mail Armor
35:12 Forging
34:53 Heavy Camel Rider
36:35 Plate Barding Armor
37:13 Iron Casting
36:36 Imperial Camel Rider
40:05 Blast Furnace
38:32 Light Cavalry
39:22 Bloodlines
39:22 Hussar
66:23 Two-Man Saw
AmbassadorKaifa
4:17 Loom
11:50 Feudal Age
12:19 Horse Collar
14:27 Double-Bit Axe
20:21 Castle Age
19:04 Gold Mining
25:53 Imperial Age
24:37 Pikeman
26:36 Wheelbarrow
27:08 Bow Saw
30:03 Chemistry
37:00 Padded Archer Armor
37:18 Circumnavigation
39:16 Two-Man Saw
41:04 Leather Archer Armor
40:41 Elite Skirmisher
42:11 Ring Archer Armor
41:07 Halberdier
43:01 Hand Cart
42:31 Town Watch
42:56 Arquebus
45:06 Conscription
45:04 Thumb Ring
44:19 Crossbowman
44:57 Fletching
46:51 Ballistics
46:45 Arbalester
48:44 Stone Mining
49:03 Siege Engineers
48:53 Murder Holes
49:08 Masonry
48:40 Treadmill Crane
48:58 Bodkin Arrow
49:06 Scale Mail Armor
49:16 Forging
49:13 Caravan
52:25 Elite Organ Gun
53:11 Bracer
53:29 Chain Mail Armor
53:49 Iron Casting
54:20 Guilds
54:41 Coinage
54:42 Plate Mail Armor
55:09 Town Patrol
59:53 Blast Furnace
59:48 Architecture
59:41 Bombard Tower
59:42 Heavy Plow
60:10 Scale Barding Armor
63:50 Banking
63:42 Chain Barding Armor
George_Carse
0:31 Loom
12:12 Feudal Age
19:44 Castle Age
17:59 Double-Bit Axe
25:17 Pikeman
31:45 Wheelbarrow
30:56 Town Watch
31:59 Squires
31:45 Arson
32:09 Fletching
32:48 Fervor
32:58 Sanctity
38:48 Imperial Age
37:26 Forging
37:22 Scale Barding Armor
37:18 Padded Archer Armor
37:14 Bodkin Arrow
37:20 Scale Mail Armor
37:24 Padded Archer Armor
37:51 Bloodlines
37:43 Husbandry
38:01 Light Cavalry
39:42 Iron Casting
39:29 Chain Barding Armor
40:23 Hand Cart
40:10 Town Patrol
40:51 Halberdier
42:58 Conscription
43:25 Bow Saw
43:22 Elite Skirmisher
45:18 Leather Archer Armor
45:32 Bracer
45:49 Thumb Ring
46:57 Blast Furnace
46:14 Horse Collar
47:39 Two-Man Saw
52:41 Chemistry
51:37 Murder Holes
52:04 Ballistics
52:58 Kataparuto
53:14 Hoardings
52:59 Heavy Plow
56:15 Chain Mail Armor
56:30 Ring Archer Armor
56:07 Elite Samurai
58:43 Gold Mining
58:44 Stone Mining
58:41 Capped Ram
61:17 Plate Mail Armor
65:49 Gold Shaft Mining
67:03 Cavalier
Connection lost

Rejoining the realm…

Still unreachable

The connection could not be restored.

Session expired

The server has moved on; the page needs a fresh start.